[Event "SWE-ch Masters Elite 2018"]
[Site "Ronneby"]
[Date "2018.07.04"]
[Round "5"]
[White "Ziegler, Ari"]
[Black "Lindh, Fredrik"]
[Result "1/2-1/2"]
[ECO "B31"]
[WhiteElo "2305"]
[BlackElo "2273"]
[Annotator "NA"]
[PlyCount "119"]
[EventDate "2018.06.30"]
[EventType "tourn"]
[EventCountry "SWE"]
[SourceTitle "playchess.com"]
[Source "ChessBase"]
[SourceQuality "1"]
[TimeControl "40/5400+30:1800+30"]

1. e4 c5 2. Nf3 Nc6 3. Bb5 g6 4. Bxc6 bxc6 5. O-O Bg7 6. Re1 Nh6 7. c3 O-O 8. d4 cxd4 9. cxd4 d5 10. e5 f6 11. h3 fxe5 12. Nxe5 Qb6 13. Bxh6 Bxh6 14. Re2 Rf4 15. Rd2 Rh4 16. Nf3 Bxd2 17. Qxd2 Rh5 18. Nc3 Rb8 19. b3 c5 20. dxc5 Qxc5 21. Rc1 Qd6 22. Qd4 Bd7 23. Re1 a5 24. Ne5 Be6 25. Nd3 Bf7 26. Re3 Qb6 27. Qxb6 Rxb6 28. Rxe7 Re6 29. Rd7 Re8 30. Nb5 Be6 31. Ra7 d4 32. Nc7 Re7 33. Nf4 Re5 34. Ra8+ Kf7 35. Nfxe6 R7xe6 36. Nxe6 Re1+ 37. Kh2 Rxe6 38. Rd8 Re2 39. f3 Rxa2 40. Rxd4 Ra3 41. Rd7+ Kg8 42. Rb7 a4 43. bxa4 Rxa4 44. Kg3 Ra2 45. f4 Rc2 46. Kf3 Ra2 47. g4 Ra3+ 48. Ke4 Rxh3 49. Ke5 Ra3 50. Kf6 Ra6+ 51. Kg5 h5 52. gxh5 gxh5 53. Kxh5 Kf8 54. Kg5 Kg8 55. f5 Kf8 56. Rd7 Rb6 57. Rh7 Kg8 58. Re7 Kf8 59. Rd7 Ra6 60. Rc7 1/2-1/2

[Event "SWE-ch Masters Elite 2018"]
[Site "Ronneby"]
[Date "2018.07.04"]
[Round "5"]
[White "Landgren, Andreas"]
[Black "Wiedenkeller, Michael"]
[Result "1/2-1/2"]
[ECO "E20"]
[WhiteElo "2278"]
[BlackElo "2465"]
[Annotator "ChessBase"]
[PlyCount "48"]
[EventDate "2018.06.30"]
[EventType "tourn"]
[EventCountry "SWE"]
[SourceTitle "playchess.com"]
[Source "ChessBase"]
[SourceQuality "1"]
[TimeControl "40/5400+30:1800+30"]

1. d4 Nf6 2. c4 e6 3. Nc3 Bb4 4. f3 O-O 5. e4 d5 6. cxd5 exd5 7. e5 Nfd7 8. a3 Bxc3+ 9. bxc3 f6 10. exf6 Qxf6 11. Ne2 Re8 12. Kf2 c5 13. Nf4 cxd4 14. Nxd5 Qc6 15. Qxd4 Nc5 16. Nb4 Qb6 17. Be3 Nbd7 18. Bc4+ Kh8 19. Rad1 Qg6 20. h4 Qf5 21. g4 Qf8 22. Kg2 a5 23. Nd5 Ne6 24. Qd2 Ne5 1/2-1/2

[Event "SWE-ch Masters Elite 2018"]
[Site "Ronneby"]
[Date "2018.07.05"]
[Round "6"]
[White "Rydstrom, Tom"]
[Black "Landgren, Andreas"]
[Result "1/2-1/2"]
[ECO "C10"]
[WhiteElo "2307"]
[BlackElo "2278"]
[Annotator "NA"]
[PlyCount "88"]
[EventDate "2018.06.30"]
[EventType "tourn"]
[EventCountry "SWE"]
[SourceTitle "playchess.com"]
[Source "ChessBase"]
[SourceQuality "1"]
[TimeControl "40/5400+30:1800+30"]

1. e4 e6 2. d4 d5 3. Nc3 dxe4 4. Nxe4 Nd7 5. Bd3 Ngf6 6. Qe2 c5 7. Nxf6+ Nxf6 8. dxc5 Bxc5 9. Nf3 O-O 10. Bg5 h6 11. Bd2 e5 {[%emt 0:03:45] C10: French with 3 Nc3: Unusual Black 3rd moves and 3...dxe4} (11... Qb6 12. O-O-O Ng4 13. Rhf1 Nxf2 14. Rxf2 Bxf2 15. Rf1 Bd4 16. c3 Bf6 17. Ne5 Bxe5 18. Qxe5 Rd8 19. Rf3 {½-½ (60) Almasi,Z (2640)-Van Wely,L (2700) Monte Carlo 2001}) 12. O-O-O $1 {[%emt 0:09:05] LiveBook: 5 Games} e4 13. Bxe4 Qe7 14. Rhe1 Qe6 $146 ({Predecessor:} 14... Qxe4 15. Qxe4 Nxe4 16. Rxe4 Bxf2 17. Bb4 Bf5 18. Re5 g6 19. Bxf8 Kxf8 {1-0 (34) Berelowitsch,A (2576)-Schilow,W (2410) Germany 2009}) 15. Kb1 Nxe4 16. Qxe4 Bxf2 17. Re2 Qxe4 18. Rxe4 Be6 19. Nd4 Bxd4 20. Rxd4 Rfd8 21. Bc3 Rxd4 22. Rxd4 f6 23. a4 Kf7 24. b3 Rc8 25. Kb2 Ke8 26. Bb4 Bf5 27. c4 Rd8 (27... Kf7 $11) 28. Rxd8+ Kxd8 29. Bf8 g5 30. Bxh6 Ke7 31. Kc3 Kf7 32. b4 $16 Be4 33. g3 a6 34. Kd4 Bg2 35. Kc5 Kg6 36. Bf8 Kh5 37. Kb6 Kg4 38. Bd6 Kh3 39. b5 axb5 40. cxb5 Kxh2 41. Kc5 Kh3 42. a5 Kg4 43. a6 bxa6 44. bxa6 f5 1/2-1/2

[Event "SWE-ch Masters Elite 2018"]
[Site "Ronneby"]
[Date "2018.07.05"]
[Round "6"]
[White "Lundin, Jan"]
[Black "Logdahl, Harald"]
[Result "0-1"]
[ECO "A02"]
[WhiteElo "2282"]
[BlackElo "2249"]
[Annotator "NA"]
[PlyCount "98"]
[EventDate "2018.06.30"]
[EventType "tourn"]
[EventCountry "SWE"]
[SourceTitle "playchess.com"]
[Source "ChessBase"]
[SourceQuality "1"]
[TimeControl "40/5400+30:1800+30"]

1. f4 g6 2. Nf3 d5 3. g3 c6 4. c3 Bg7 5. Bg2 Qb6 {[%emt 0:02:43] LiveBook: 17 Games} 6. d4 {[%emt 0:06:01] A03: Bird's Opening with 1...d5} (6. Qb3 Nd7 7. d3 Nh6 8. Na3 Nc5 9. Qxb6 axb6 10. Nc2 Nf5 11. Kf2 O-O 12. g4 Nd6 13. h3 f6 {0-1 (53) Hamitevici,V (2487)-Rodshtein,M (2698) Chartres 2017}) 6... Bf5 7. Nbd2 Nf6 $146 ({Predecessor:} 7... Nd7 8. O-O Ngf6 9. Ng5 h6 10. Nh3 Ng4 11. Nb3 e6 12. Re1 O-O 13. e4 dxe4 14. Bxe4 {1-0 (40) Grunberg,M (2472)-Vasiesiu,D (2440) Bucharest 2001}) 8. e3 Ne4 9. O-O Nd7 10. a4 Bg4 11. h3 Nxd2 12. Bxd2 Bxf3 13. Bxf3 f5 14. a5 Qc7 15. a6 b5 16. b3 Nb6 17. Qe2 e6 18. Bc1 Bf8 $11 19. g4 Bd6 20. Rf2 O-O 21. Rg2 Kh8 22. Bb2 Rae8 23. g5 Kg8 24. Qf1 Rb8 25. Be2 c5 26. Bxb5 c4 27. b4 Kf7 28. Ba4 Nxa4 29. Rxa4 h6 30. gxh6 Rh8 31. Rg3 Rxh6 32. Ra5 Qd8 33. Qg2 Rb6 34. Bc1 Qc8 35. Qa2 g5 36. fxg5 Rh5 37. g6+ Kg7 38. Rf3 Qe8 39. Kf1 Qxg6 40. Rc5 Rg5 41. Qf2 Bxc5 42. dxc5 Rxa6 43. Qd2 Ra1 44. Ke2 Rg2+ 45. Rf2 Rg1 46. Qd4+ Kf7 47. Qf4 Qh5+ 48. Rf3 Raxc1 49. Qc7+ Kg6 0-1

[Event "SWE-ch Masters Elite 2018"]
[Site "Ronneby"]
[Date "2018.07.05"]
[Round "6"]
[White "Lindh, Fredrik"]
[Black "Furhoff, Johan"]
[Result "1/2-1/2"]
[ECO "C78"]
[WhiteElo "2273"]
[BlackElo "2332"]
[Annotator "NA"]
[PlyCount "84"]
[EventDate "2018.06.30"]
[EventType "tourn"]
[EventCountry "SWE"]
[SourceTitle "playchess.com"]
[Source "ChessBase"]
[SourceQuality "1"]
[TimeControl "40/5400+30:1800+30"]

1. e4 e5 2. Nf3 Nc6 3. Bb5 a6 4. Ba4 Nf6 5. O-O b5 6. Bb3 Bb7 7. d3 Be7 8. Nc3 O-O 9. Re1 d6 10. a3 Na5 {[%emt 0:08:34] C84: Closed Ruy Lopez: Unusual White 6th moves} (10... Re8 11. Ba2 h6 12. h3 Bf8 13. Be3 Ne7 14. d4 exd4 15. Bxd4 Nc6 16. Be3 Qd7 17. Nd5 Nxd5 18. Bxd5 {0-1 (67) Bacrot,E (2715)-Bu,X (2710) Tbilisi 2017}) 11. Ba2 {[%emt 0:01:14] LiveBook: 18 Games} c5 12. Ne2 Nc6 13. Ng3 Nd4 $146 ({Predecessor:} 13... Bc8 14. c3 h6 15. h3 Re8 16. Qe2 Be6 17. Bxe6 fxe6 18. Nh2 {1-0 (87) Brankovic,D (2398)-Vujic,M (2340) Paracin 2008}) 14. Nxd4 cxd4 15. Nf5 Rc8 (15... Bc8 $11 {keeps the balance.}) 16. Bg5 Kh8 17. Rc1 Ng8 18. Nxe7 Nxe7 19. c3 dxc3 20. bxc3 f6 21. Bd2 $11 d5 22. exd5 Bxd5 23. Bxd5 Qxd5 24. c4 bxc4 25. Bb4 cxd3 26. Qd2 Ng6 27. Bxf8 Rxf8 28. Rcd1 Rd8 29. f3 Nf4 30. Re3 f5 31. g3 Ne2+ 32. Kf2 e4 33. Qxe2 dxe2 34. Rxd5 Rxd5 35. fxe4 Re5 36. Kxe2 fxe4 37. Rb3 Kg8 38. Ke3 Kf7 39. Rb4 Kf6 40. Rxe4 Kf5 41. g4+ Kf6 42. h4 Rb5 1/2-1/2

[Event "SWE-ch Masters Elite 2018"]
[Site "Ronneby"]
[Date "2018.07.05"]
[Round "6"]
[White "Lind, Jan-Olov"]
[Black "Malmstig, Erik"]
[Result "1/2-1/2"]
[ECO "C10"]
[WhiteElo "2234"]
[BlackElo "2336"]
[Annotator "NA"]
[PlyCount "105"]
[EventDate "2018.06.30"]
[EventType "tourn"]
[EventCountry "SWE"]
[SourceTitle "playchess.com"]
[Source "ChessBase"]
[SourceQuality "1"]
[TimeControl "40/5400+30:1800+30"]

1. e4 e6 2. d4 d5 3. Nc3 dxe4 4. Nxe4 Bd7 5. Nf3 Bc6 6. Bd3 Nd7 7. O-O Bxe4 8. Bxe4 c6 9. c4 Ngf6 10. Bc2 Be7 11. b3 O-O {[%emt 0:02:33] C10: French with 3 Nc3: Unusual Black 3rd moves and 3...dxe4} 12. Bb2 {[%emt 0:05:08] LiveBook: 7 Games} Qa5 (12... Re8 13. Qe2 Qa5 14. a3 Rad8 15. Rfe1 g6 16. Rad1 Bf8 17. h3 a6 18. Rd3 Nh5 19. g3 {1-0 (63) Mastrovasilis,D (2613)-Lajthajm,B (2467) Valjevo 2012}) 13. a3 Rfd8 14. Qe2 Bf8 $146 ({Predecessor:} 14... Qh5 15. Rad1 Bf8 16. Rd2 g6 17. Re1 Bg7 18. h3 a6 19. b4 {½-½ (67) Samaritani,F (2220)-Saccone,F (2175) Montecatini Terme 1996}) 15. Rfe1 Rac8 16. Qe3 g6 17. Bc3 Qh5 18. h3 Bh6 19. Qe2 Bf4 20. Qf1 Qh6 21. g3 Bd6 22. Bd2 $16 Qf8 23. Qe2 Nh5 24. Kg2 Re8 25. Bc3 Be7 26. Bd3 Bf6 27. Qb2 Qg7 28. Ne5 Nxe5 29. dxe5 Be7 30. Be4 Red8 31. Red1 Qf8 32. b4 Ng7 33. h4 h5 34. Qc2 Kh7 35. Rxd8 Rxd8 36. Rd1 Kg8 37. Qe2 Qe8 38. Qf3 Rd7 39. a4 Qd8 40. Rxd7 Qxd7 41. a5 a6 42. Kf1 Nf5 43. Qd3 Qc8 44. Bd2 Qc7 45. f4 Kg7 46. Kg2 Kf8 47. b5 Bc5 48. bxa6 bxa6 49. Bc3 Ke8 50. Kh3 Ne7 51. g4 hxg4+ 52. Kxg4 Qb7 53. Qb1 1/2-1/2

[Event "SWE-ch Masters Elite 2018"]
[Site "Ronneby"]
[Date "2018.07.06"]
[Round "7"]
[White "Malmstig, Erik"]
[Black "Lindh, Fredrik"]
[Result "1-0"]
[ECO "A45"]
[WhiteElo "2336"]
[BlackElo "2273"]
[Annotator "NA"]
[PlyCount "59"]
[EventDate "2018.06.30"]
[EventType "tourn"]
[EventCountry "SWE"]
[SourceTitle "playchess.com"]
[Source "ChessBase"]
[SourceQuality "1"]
[TimeControl "40/5400+30:1800+30"]

1. d4 Nf6 2. Bg5 Ne4 3. Bf4 d5 4. f3 Nf6 5. e4 e6 6. Nc3 Bb4 7. Qd3 c5 8. a3 dxe4 9. Qb5+ (9. fxe4 $5 Qa5 10. Nf3 $11) 9... Bd7 10. Qxb7 Bxc3+ $1 11. bxc3 Nc6 12. Bc7 $1 ({Of course not} 12. dxc5 e5 $17) 12... Qc8 (12... Na5 $5 13. Bxd8 (13. Bxa5 $2 Qxa5 14. Ne2 O-O $19) 13... Nxb7 14. Bxf6 gxf6 $11) 13. Ba6 (13. Qxc8+ $1 $11 Rxc8 14. Bg3) 13... cxd4 14. fxe4 $1 Nxe4 15. cxd4 Nc3 $11 16. Nf3 Nd5 17. Bd6 Na5 18. Qxc8+ Bxc8 19. Bd3 Bb7 20. O-O Kd7 21. Bc5 f6 22. Nd2 Bc6 23. Bb4 Nb7 24. c4 Nb6 25. Rab1 a5 26. Bc3 Na4 27. Ba1 Nd6 28. Bc2 Kc7 29. Rfc1 Bd7 30. c5 1-0

[Event "SWE-ch Masters Elite 2018"]
[Site "Ronneby"]
[Date "2018.07.06"]
[Round "7"]
[White "Furhoff, Johan"]
[Black "Wiedenkeller, Michael"]
[Result "1/2-1/2"]
[ECO "C09"]
[WhiteElo "2332"]
[BlackElo "2465"]
[Annotator "ChessBase"]
[PlyCount "33"]
[EventDate "2018.06.30"]
[EventType "tourn"]
[EventCountry "SWE"]
[SourceTitle "playchess.com"]
[Source "ChessBase"]
[SourceQuality "1"]
[TimeControl "40/5400+30:1800+30"]

1. e4 e6 2. d4 d5 3. Nd2 c5 4. exd5 exd5 5. Ngf3 Nc6 6. Bb5 Qe7+ 7. Be2 Qc7 8. O-O Nf6 9. Re1 cxd4 10. Nb3 Bb4 11. Bd2 Bxd2 12. Qxd2 O-O 13. Bd3 Bg4 14. Nfxd4 Rae8 15. f3 Bd7 16. Nb5 Qb8 17. Nc5 1/2-1/2

[Event "SWE-ch Masters Elite 2018"]
[Site "Ronneby"]
[Date "2018.07.06"]
[Round "7"]
[White "Ziegler, Ari"]
[Black "Rydstrom, Tom"]
[Result "1-0"]
[ECO "B43"]
[WhiteElo "2305"]
[BlackElo "2307"]
[Annotator "NA"]
[PlyCount "85"]
[EventDate "2018.06.30"]
[EventType "tourn"]
[EventCountry "SWE"]
[SourceTitle "playchess.com"]
[Source "ChessBase"]
[SourceQuality "1"]
[TimeControl "40/5400+30:1800+30"]

1. e4 c5 2. Nf3 e6 3. d4 cxd4 4. Nxd4 a6 5. Nc3 Qc7 6. g3 Bb4 7. Bd2 Nc6 {[%emt 0:00:03] B43: Sicilian: Kan Variation: 5 Nc3} 8. Nb3 h5 $146 ({Predecessor:} 8... Nf6 9. Bg2 O-O 10. O-O Be7 11. f4 b5 12. a3 Bb7 13. Be3 b4 14. axb4 Nxb4 15. Na5 d5 16. Nxb7 Qxb7 17. exd5 Nbxd5 18. Bd4 {½-½ (18) Asadli,V (2449)-Solak,D (2629) Batumi 2018}) 9. a3 Be7 10. Bd3 b5 11. Qe2 d6 12. f4 Nf6 13. O-O-O b4 14. axb4 Nxb4 15. e5 dxe5 16. fxe5 Nxd3+ 17. Qxd3 Nd7 18. Rhe1 Rb8 ({Better is} 18... Bb7 $1 $15) 19. h4 Bb7 ({Bitte nicht} 19... Nxe5 $6 {[#]} 20. Rxe5 $1 Rxb3 21. Bf4 $16) 20. Bf4 (20. Ne4 $11 {remains equal.}) 20... Bc6 21. Qxa6 O-O 22. Nd4 Rb6 23. Qc4 Nc5 24. Ncb5 Bxb5 25. Nxb5 Qc6 26. Nd6 Ra8 27. b4 Ra1+ 28. Kd2 Rxd1+ 29. Kxd1 Qf3+ 30. Re2 Na4 31. Kd2 Qa3 32. b5 Nc5 33. Qc3 Qxc3+ 34. Kxc3 Rb8 35. Kc4 Nd7 36. c3 Nb6+ $2 (36... Ra8 37. Kb3 Bd8) 37. Kc5 Nd7+ 38. Kc6 Nf8 39. Rc2 f6 40. c4 fxe5 41. Bg5 Ng6 $18 42. Bxe7 Nxe7+ 43. Kc7 1-0

[Event "SWE-ch Masters Elite 2018"]
[Site "Ronneby"]
[Date "2018.07.06"]
[Round "7"]
[White "Landgren, Andreas"]
[Black "Lundin, Jan"]
[Result "0-1"]
[ECO "D34"]
[WhiteElo "2278"]
[BlackElo "2282"]
[Annotator "NA"]
[PlyCount "102"]
[EventDate "2018.06.30"]
[EventType "tourn"]
[EventCountry "SWE"]
[SourceTitle "playchess.com"]
[Source "ChessBase"]
[SourceQuality "1"]
[TimeControl "40/5400+30:1800+30"]

1. d4 d5 2. c4 e6 3. Nf3 c5 4. cxd5 exd5 5. Nc3 Nc6 6. g3 Nf6 7. Bg2 Be7 8. O-O O-O 9. dxc5 d4 10. Na4 Bf5 $1 11. Bf4 Be4 12. Rc1 h6 {[%emt 0:11:10] D34: Tarrasch Defence: 6 g3 Nf6 7 Bg2 Be7} 13. e3 $146 ({Predecessor:} 13. a3 g5 14. Bd2 Qd5 15. b4 Ne5 16. Nb2 d3 17. Nxe5 Bxg2 18. Nbxd3 Bxf1 19. Qxf1 Ne4 20. Be3 {½-½ (56) Cmilyte,V (2528)-Kovalevskaya,E (2405) Eilat 2012}) 13... d3 (13... dxe3 $14 14. Bxe3 Qc7) 14. h4 Nd5 15. Bd6 b5 16. Bxe7 Qxe7 17. Nc3 Nxc3 18. Rxc3 Rfd8 19. Nd2 Bxg2 20. Kxg2 b4 21. Rc1 Rd5 22. Qb3 Rad8 23. Qc4 Qe5 24. Qb5 Qxb2 25. Qxc6 Qxd2 26. Qa4 Rf5 27. Qxa7 Rxf2+ 28. Rxf2 Qxc1 29. Qxf7+ Kh8 30. Qe7 Rg8 31. Qd6 Qxe3 32. c6 Qe4+ 33. Kh2 Qe3 34. Rb2 Re8 35. Qxb4 Qf3 36. c7 Kh7 37. Qd4 $11 Re1 38. Rg2 Rc1 39. Qf4 Qxf4 40. gxf4 Rxc7 41. Kg3 Rc2 42. Rg1 d2 43. Rd1 Rxa2 44. Kg4 Kg6 45. Rb1 Ra6 46. Rd1 Rd6 47. f5+ Kf6 48. Kf4 Rd4+ 49. Ke3 Ke5 50. h5 Rd7 51. f6 Kxf6 {[%emt 0:00:30] Kd4 Ke5+} 0-1

[Event "SWE-ch Masters Elite 2018"]
[Site "Ronneby"]
[Date "2018.07.06"]
[Round "7"]
[White "Logdahl, Harald"]
[Black "Lind, Jan-Olov"]
[Result "1/2-1/2"]
[ECO "B06"]
[WhiteElo "2249"]
[BlackElo "2234"]
[Annotator "NA"]
[PlyCount "104"]
[EventDate "2018.06.30"]
[EventType "tourn"]
[EventCountry "SWE"]
[SourceTitle "playchess.com"]
[Source "ChessBase"]
[SourceQuality "1"]
[TimeControl "40/5400+30:1800+30"]

1. e4 g6 2. d4 Bg7 3. Nc3 d6 4. Be3 a6 5. Qd2 b5 6. f3 Nf6 {[%emt 0:00:54] B06: Modern Defence} (6... Nd7 7. h4 h6 8. Nh3 Nb6 9. O-O-O b4 10. Nd5 Nxd5 11. exd5 Bxh3 12. Rxh3 Nf6 13. Bc4 Qb8 14. g4 Qb7 15. Kb1 Nxd5 16. Bxd5 Qxd5 17. Qxb4 {0-1 (69) Kryvoruchko,Y (2689)-Petrosian,T (2601) Riadh 2017}) 7. a4 b4 8. Nd1 a5 9. c3 bxc3 10. bxc3 Nbd7 11. Bh6 O-O 12. Bxg7 Kxg7 13. Bd3 e5 14. Ne2 Bb7 $146 ({Predecessor:} 14... d5 15. exd5 exd4 16. cxd4 Nxd5 {1-0 (57) Bezemer,A (2355)-Wohl,A (2379) Wijk aan Zee 2003}) 15. O-O Re8 16. Nf2 Qb8 17. Kh1 Qa7 18. Bb5 c6 19. Bd3 Ba6 20. Bxa6 Qxa6 21. Ng3 h6 22. Ng4 Nxg4 23. fxg4 Qc4 24. g5 {[%emt 0:09:00] [#]} (24. Rf2 $11 {remains equal.}) 24... h5 $1 25. h4 Rab8 26. Rf3 exd4 27. cxd4 c5 28. Raf1 $17 Re7 29. e5 dxe5 30. d5 Qxh4+ 31. Kg1 Rf8 32. d6 Re6 33. Qf2 Qd4 34. Ne4 Qxf2+ 35. R3xf2 f5 36. gxf6+ Nxf6 37. Rd1 Nd7 38. Rd5 Rxf2 39. Kxf2 Kf8 40. Nxc5 Nxc5 41. Rxc5 Rxd6 42. Rxa5 Rd2+ 43. Kf1 Ra2 44. Rxe5 Rxa4 45. Re1 Ra2 46. Kg1 Kg7 47. Rb1 Kh6 48. Rb3 h4 49. g3 h3 50. g4 h2+ 51. Kh1 Kg5 52. Rb2 Rxb2 1/2-1/2

[Event "SWE-ch Masters Elite 2018"]
[Site "Ronneby"]
[Date "2018.07.07"]
[Round "8"]
[White "Wiedenkeller, Michael"]
[Black "Malmstig, Erik"]
[Result "1/2-1/2"]
[ECO "A57"]
[WhiteElo "2465"]
[BlackElo "2336"]
[Annotator "ChessBase"]
[PlyCount "138"]
[EventDate "2018.06.30"]
[EventType "tourn"]
[EventCountry "SWE"]
[SourceTitle "playchess.com"]
[Source "ChessBase"]
[SourceQuality "1"]
[TimeControl "40/5400+30:1800+30"]

1. d4 Nf6 2. c4 c5 3. d5 b5 4. Qc2 b4 5. e4 d6 6. Bd3 g6 7. f4 Bg7 8. Nf3 O-O 9. O-O Nbd7 10. Qf2 Ba6 11. Qh4 Nb6 12. Nbd2 Qc8 13. h3 e6 14. dxe6 fxe6 15. e5 Nh5 16. Ne4 d5 17. Nd6 Qd8 18. Qg4 Qe7 19. Ng5 Nc8 20. Nxh7 Nxd6 21. exd6 Bd4+ 22. Kh2 Qxh7 23. Bxg6 Qg7 24. Qxe6+ Kh8 25. Bxh5 dxc4 26. d7 Bb7 27. Bf3 Bxf3 28. Rxf3 Rg8 29. Qe2 Qxd7 30. Be3 Qg7 31. Qf2 Bxb2 32. Rd1 Bf6 33. Bxc5 a5 34. Rd5 Qf7 35. Rf5 Rad8 36. Bb6 Rd5 37. Rxd5 Qxd5 38. Qe2 b3 39. axb3 cxb3 40. Bxa5 b2 41. Qe1 Qa2 42. Rf2 b1=Q 43. Rxa2 Qxa2 44. Bd2 Qd5 45. Qe2 Bh4 46. Bc3+ Kh7 47. g4 Ra8 48. Qc2+ Kh6 49. g5+ Bxg5 50. fxg5+ Kxg5 51. Bd2+ Kf6 52. Bc3+ Ke6 53. Qg6+ Kd7 54. Qg7+ Kc6 55. Qf6+ Kb5 56. Qe5 Ra2+ 57. Kg3 Rg2+ 58. Kf4 Rf2+ 59. Kg4 Qxe5 60. Bxe5 Kc6 61. h4 Kd5 62. Ba1 Ke4 63. Kg5 Rf5+ 64. Kg6 Rf1 65. Bf6 Rg1+ 66. Bg5 Ke5 67. h5 Ke6 68. h6 Rh1 69. h7 Rxh7 1/2-1/2

[Event "SWE-ch Masters Elite 2018"]
[Site "Ronneby"]
[Date "2018.07.07"]
[Round "8"]
[White "Rydstrom, Tom"]
[Black "Furhoff, Johan"]
[Result "1-0"]
[ECO "C78"]
[WhiteElo "2307"]
[BlackElo "2332"]
[Annotator "NA"]
[PlyCount "79"]
[EventDate "2018.06.30"]
[EventType "tourn"]
[EventCountry "SWE"]
[SourceTitle "playchess.com"]
[Source "ChessBase"]
[SourceQuality "1"]
[TimeControl "40/5400+30:1800+30"]

1. e4 e5 2. Nf3 Nc6 3. Bb5 a6 4. Ba4 Nf6 5. O-O b5 6. Bb3 Bb7 7. Nc3 Be7 8. d3 O-O 9. Nd5 Na5 10. Nxe7+ Qxe7 11. Nh4 {[%emt 0:00:14] C84: Closed Ruy Lopez: Unusual White 6th moves} Nxb3 12. axb3 d5 13. Nf5 Qe6 14. f3 g6 15. Ne3 (15. Nh6+ Kg7 16. Qe1 Ng8 17. Ng4 f6 18. Be3 h5 {½-½ (77) Vallejo Pons,F (2684)-Kravtsiv,M (2621) Berlin 2015}) 15... Rad8 16. Qe2 {[%emt 0:05:31] [#]} c5 $146 ({Predecessor:} 16... d4 17. Nd1 Nh5 18. Nf2 f5 {1-0 (36) Eslon,J (2415)-Smejkal,J (2540) Amsterdam 1986}) 17. c4 d4 18. Nd5 $1 Nxd5 19. cxd5 Qe7 20. Bd2 f5 21. Rfc1 Rc8 22. Rc2 Kg7 23. Rac1 Rfe8 24. Qe1 b4 25. Ra1 $16 Qd6 26. Qh4 f4 27. g3 Rf8 28. Re1 Rf7 29. gxf4 exf4 30. Bc1 Re8 31. Rg2 h6 32. Kh1 g5 33. Reg1 Qf6 34. Qh5 Bc8 35. h4 Rh8 36. Rh2 g4 37. fxg4 f3 38. g5 Qd6 39. Rf2 Kf8 40. g6 1-0

[Event "SWE-ch Masters Elite 2018"]
[Site "Ronneby"]
[Date "2018.07.07"]
[Round "8"]
[White "Lundin, Jan"]
[Black "Lind, Jan-Olov"]
[Result "1-0"]
[ECO "A03"]
[WhiteElo "2282"]
[BlackElo "2234"]
[Annotator "NA"]
[PlyCount "123"]
[EventDate "2018.06.30"]
[EventType "tourn"]
[EventCountry "SWE"]
[SourceTitle "playchess.com"]
[Source "ChessBase"]
[SourceQuality "1"]
[TimeControl "40/5400+30:1800+30"]

1. f4 d5 2. Nf3 g6 3. g3 Bg7 4. d3 Nf6 5. Bg2 O-O 6. O-O c5 7. c3 Nc6 8. Na3 Rb8 9. Ne5 {[%emt 0:11:29] A03: Bird's Opening with 1...d5} (9. Qe1 b5 10. Nc2 b4 11. Ne5 Nxe5 12. fxe5 Ng4 13. cxb4 cxb4 14. d4 Qb6 15. e3 Bf5 16. Qd1 Rbc8 {½-½ (37) Nakamura,H (2741)-Svidler,P (2722) Moscow 2010}) 9... Nxe5 10. fxe5 Ng4 {[%emt 0:00:33] LiveBook: 3 Games} 11. d4 cxd4 12. cxd4 Qb6 13. Kh1 $146 ({Predecessor:} 13. e3 Be6 14. Qb3 Qxb3 15. axb3 Rfc8 16. Bd2 b5 {1-0 (48) Vasiukov,E (2451)-Sorensen,B (2262) Vilnius 2014}) 13... Be6 14. h3 Nxe5 15. dxe5 Bxe5 16. Bf4 Bxf4 17. gxf4 Qxb2 18. Nc2 Rfd8 19. Nd4 Bd7 $16 20. Qd3 Qb6 21. Rab1 Qf6 22. Qe3 b6 23. Rbc1 Rbc8 24. Rfd1 e6 25. Nf3 Qb2 26. Ne5 Ba4 27. Rb1 Qc3 28. Rd3 Qc2 29. Rb4 Qc1+ 30. Kh2 Qxe3 31. Rxe3 Be8 32. Ra3 Rc7 33. Kg3 Rdc8 34. Kf2 Kf8 35. h4 h5 36. Nd3 Ke7 37. f5 Kd6 38. fxg6 fxg6 39. Bh3 Rf7+ 40. Ke3 Rc2 41. Ne1 Rc4 42. Rxc4 dxc4 43. Nf3 a5 44. Ng5 Rc7 45. Nxe6 Re7 46. Kd4 Bd7 47. Nf4 Bxh3 48. Rxh3 b5 49. Rg3 b4 50. Rxg6+ Kd7 51. Ra6 Kc8 52. Rxa5 c3 53. Rxh5 Rd7+ 54. Rd5 Ra7 55. Rb5 Ra4 56. Ke3 Kd7 57. Nd3 c2 58. Nc1 Kc6 59. Rh5 Ra3+ 60. Kd2 Rc3 61. Rg5 Kb6 62. h5 1-0

[Event "SWE-ch Masters Elite 2018"]
[Site "Ronneby"]
[Date "2018.07.07"]
[Round "8"]
[White "Landgren, Andreas"]
[Black "Ziegler, Ari"]
[Result "0-1"]
[ECO "E98"]
[WhiteElo "2278"]
[BlackElo "2305"]
[Annotator "NA"]
[PlyCount "68"]
[EventDate "2018.06.30"]
[EventType "tourn"]
[EventCountry "SWE"]
[SourceTitle "playchess.com"]
[Source "ChessBase"]
[SourceQuality "1"]
[TimeControl "40/5400+30:1800+30"]

1. d4 Nf6 2. c4 g6 3. Nc3 Bg7 4. e4 d6 5. Nf3 O-O 6. Be2 e5 7. O-O Nc6 8. d5 Ne7 9. Ne1 Nd7 10. Be3 f5 11. f3 f4 12. Bf2 g5 13. Rc1 Rf6 14. Nd3 {[%emt 0:00:22] E99: King's Indian: Classical Main Line: 9 Ne1 Nd7 10 f3 f5} b6 15. b4 a6 16. c5 Rg6 (16... Rh6 17. cxd6 cxd6 18. g4 fxg3 19. hxg3 Ng6 20. Kg2 Nf6 21. Rh1 Rxh1 22. Kxh1 {1-0 (43) So,W (2744)-Vocaturo,D (2584) Bergamo 2014 CBM 162 [So,Wesley]}) 17. cxd6 $146 ({Predecessor:} 17. Qc2 Rb8 18. cxd6 cxd6 19. Nb1 Qe8 20. Qa4 g4 21. fxg4 b5 {1-0 (48) Suomalainen,E (2156)-Kononen,K (2229) Finland 2014}) 17... cxd6 18. g4 fxg3 19. hxg3 h5 20. Kg2 Nf6 21. Rh1 Bd7 22. Be3 Rc8 23. Qd2 g4 {[%emt 0:03:01] [#]} 24. f4 $17 (24. Nf2 $1 $16 {and life is bright.}) 24... Rxc3 25. Qxc3 Nxe4 26. Qc4 b5 27. Qc7 Qxc7 28. Rxc7 Nxd5 29. Rxd7 Nxe3+ 30. Kh2 h4 31. gxh4 exf4 32. Rxg7+ Rxg7 33. Nxf4 g3+ 34. Kh3 Nf2# {Kh2} 0-1

[Event "SWE-ch Masters Elite 2018"]
[Site "Ronneby"]
[Date "2018.07.07"]
[Round "8"]
[White "Lindh, Fredrik"]
[Black "Logdahl, Harald"]
[Result "0-1"]
[ECO "B05"]
[WhiteElo "2273"]
[BlackElo "2249"]
[Annotator "NA"]
[PlyCount "112"]
[EventDate "2018.06.30"]
[EventType "tourn"]
[EventCountry "SWE"]
[SourceTitle "playchess.com"]
[Source "ChessBase"]
[SourceQuality "1"]
[TimeControl "40/5400+30:1800+30"]

1. e4 Nf6 2. e5 Nd5 3. d4 d6 4. Nf3 Bg4 5. Be2 c6 6. c4 Nb6 7. Nbd2 N8d7 8. O-O dxe5 9. Nxe5 Nxe5 10. dxe5 Bxe2 11. Qxe2 e6 12. Nf3 Qc7 13. Rd1 Nd7 14. Bd2 a5 15. Bc3 Be7 16. h4 O-O 17. h5 Rfd8 $14 18. Rd4 Nf8 19. Rad1 Rxd4 20. Nxd4 Rd8 21. Rd3 Bc5 22. Nb3 Rxd3 23. Qxd3 Bb4 24. Bxb4 axb4 25. f4 Qb6+ 26. Qd4 Qa6 27. Nc5 Qxa2 28. Nxb7 Qb1+ 29. Kf2 Qf5 30. Nd8 c5 31. Qxc5 Qxf4+ 32. Kg1 b3 33. Qf2 Qxf2+ 34. Kxf2 Nd7 35. Ke3 Nc5 36. Kd4 Na4 37. Nb7 Kf8 38. Nc5 Nxb2 39. Nxb3 Ke7 40. Nd2 Kd7 41. Ne4 h6 42. Nd6 Ke7 43. c5 Na4 44. c6 Nb6 45. Kc5 Na8 46. Nxf7 Kxf7 47. Kd6 Ke8 48. c7 Nb6 49. Kxe6 Nc8 50. g4 Ne7 51. Kd6 Nc8+ 52. Kc6 Ne7+ 53. Kb7 Kd7 54. Kb8 Ke6 55. Kb7 Kxe5 56. Kb6 Nd5+ 0-1